 Dungeon Crawl Stone Soup version 0.31-a0-221-gbddc013574 (webtiles) character file.

Game seed: 17403305563548803867

63 pokeman the Magician (level 3, -3/20 HPs)
             Began as a Deep Elf Hedge Wizard on July 4, 2023.
             Slain by an iguana (4 damage)
             ... on level 5 of the Dungeon.
             The game lasted 00:03:52 (2765 turns).

pokeman the Magician (Deep Elf Hedge Wizard)        Turns: 2765, Time: 00:03:53

Health: -3/20      AC:  4    Str:  7    XL:     3   Next: 89%
Magic:  1/11       EV: 12    Int: 20    God:
Gold:   110        SH:  0    Dex: 14    Spells: 4/12 levels left

rFire   . . .        q - +0 mace (holy)
rCold   . . .        (no shield)
rNeg    . . .        b - +0 robe
rPois   .            c - +0 hat
rElec   .            j - +0 cloak
rCorr   .            h - +0 pair of gloves
SInv    .            (no boots)
Will    .....        (no amulet)
Stlth   ++           (no ring)
HPRegen 0.23/turn    (no ring)
MPRegen 0.12/turn

%: no passive effects
@: no status effects
A: no striking features
a: no special abilities


You were on level 5 of the Dungeon.
You visited 1 branch of the dungeon, and saw 4 of its levels.

You collected 110 gold pieces.

Inventory:

Hand Weapons
 q - a +0 mace of holy wrath (weapon)
Armour
 b - a +0 robe (worn)
 c - a +0 hat (worn)
 h - a +0 pair of gloves (worn)
 j - a +0 cloak (worn)
Scrolls
 f - 3 scrolls of identify {unknown}
 i - a scroll of revelation {unknown}
 l - a scroll of fog {unknown}
 m - a scroll of immolation {unknown}
 n - a scroll of torment {unknown}
 p - 2 scrolls of fear {unknown}
 r - a scroll of amnesia {unknown}
 s - 2 scrolls of poison {unknown}
Potions
 a - a potion of enlightenment {unknown}
 d - 3 potions of magic
 e - 2 potions of mutation {unknown}
 g - 2 potions of brilliance {unknown}
 k - a potion of attraction {unknown}
 o - a potion of curing {unknown}


   Skills:
 + Level 1.1 Fighting
 - Level 1.0 Armour
 + Level 2.5 Dodging
 - Level 2.4 Stealth
 * Level 5.4 Spellcasting
 + Level 2.0 Conjurations
 - Level 1.1 Summonings
 - Level 1.1 Translocations


You had 4 spell levels left.
You knew the following spells:

 Your Spells              Type           Power      Damage    Failure   Level
a - Magic Dart            Conj           52%        1d5       4%          1
b - Mephitic Cloud        Conj/Pois/Air  8%         N/A       26%         3
c - Call Imp              Summ           18%        N/A       11%         2
d - Blink                 Tloc           18%        N/A       11%         2

Your spell library contained the following spells:

 Spells                   Type           Power      Damage    Failure   Level
 Slow                     Hex            20%        N/A       11%         1
 Cigotuvi's Dreadful Rot  Necr/Pois/Air  10%        N/A       17%         2


Dungeon Overview and Level Annotations

Branches:
Dungeon (3/15)

Altars:
Xom


Message History

The magic dart hits the iguana but does no damage.
The iguana is heavily wounded.
Unknown command.
Casting: Magic Dart (safe; 4% risk of failure)
Confirm with . or Enter, or press ? or * to list all spells.
Aiming: Magic Dart (safe; 4% risk of failure)
Press: ? - help, Shift-Dir - straight line, f/p - iguana
Aim: an iguana (heavily wounded, confused, 100% to hit)
The magic dart hits the iguana but does no damage.
The iguana is heavily wounded.
Unknown command.
Casting: Magic Dart (safe; 4% risk of failure)
Confirm with . or Enter, or press ? or * to list all spells.
Aiming: Magic Dart (safe; 4% risk of failure)
Press: ? - help, Shift-Dir - straight line, f/p - iguana
Aim: an iguana (heavily wounded, confused, 100% to hit)
The magic dart hits the iguana but does no damage.
The iguana is heavily wounded.
Unknown command.
The iguana bites you.
The iguana bites itself.
You hit the iguana but do no damage.
The iguana is severely wounded.
You barely miss the iguana.
The iguana is severely wounded.
You hit the iguana but do no damage.
The iguana is severely wounded.
The iguana closely misses you. The iguana bites you.
You strike the helpless iguana from behind!
You hit the iguana.
The iguana is almost dead.
The iguana bites you!
* * * LOW HITPOINT WARNING * * *
You hit the iguana but do no damage.
The iguana is almost dead.
The iguana barely misses you.
You hear a distant slurping noise.
You hit the iguana but do no damage.
The iguana is almost dead.
The iguana bites you.
You die...

########
#...... #....#
#.....# #....#
#.....# #....#
#.....#
#....###.....#
#....##..l...#
#.....#.@....#
#.....#......#
#............#
#....#.?..$..#
####.##......#
#.##.......#
#.##...##..#
#.##...# ..#.
#.###### .#.
##


You could see an iguana (confused).

Vanquished Creatures
  An adder (D:2)
  A dart slug (D:2)
  5 bats
  5 endoplasms
  2 giant cockroaches
  4 goblins
  3 hobgoblins
  8 jackals
  5 quokkas
  4 ball pythons
  2 frilled lizards (D:2)
  3 rats
43 creatures vanquished.

Notes
Turn   | Place    | Note
-------+----------+-------------------------------------------
     0 | D:1      | pokeman the Deep Elf Hedge Wizard began the quest for the
                  | Orb.
     0 | D:1      | Reached XP level 1. HP: 10/10 MP: 7/7
   194 | D:1      | Reached XP level 2. HP: 15/15 MP: 2/9
   528 | D:1      | Found a faded altar of an unknown god.
   800 | D:1      | Reached skill level 5 in Spellcasting
  1269 | D:2      | Reached XP level 3. HP: 20/20 MP: 7/11
  1280 | D:2      | Learned a level 3 spell: Mephitic Cloud
  1283 | D:2      | Learned a level 2 spell: Call Imp
  1286 | D:2      | Learned a level 2 spell: Blink
  1565 | D:2      | Reached skill level 1 in Armour
  1796 | D:2      | Reached skill level 1 in Fighting
  2594 | D:3      | Found a shimmering altar of Xom.
  2626 | D:3      | You fall into a shaft and drop 2 floors!
  2626 | D:5      | Entered Level 5 of the Dungeon
  2763 | D:5      | HP: 1/20 [iguana (9)]
  2765 | D:5      | Slain by an iguana

Illustrated notes

Levels and vault maps discovered:
D:1:      scummos_arrival_hexagon, layout_loops_ring,
          nicolae_ecumenical_lake_church, nicolae_kite_square_tiling_tiny,
          minmay_cupped
D:2:      layout_basic, st_stairs_14
D:3:      kennysheep_the_goblin_king, layout_basic,
          mainiacjoe_overflow_boulevard, serial_bayou_crossing
D:5:      layout_basic, mainiacjoe_overflow_alcove_4, amcnicky_altar_gilded,
          nicolae_hepliaklqana_hippocampus, kennysheep_generic_room_8

Skill      XL: |  1  2  3 |
---------------+----------+-----
Spellcasting   | 5 |  5.4
Armour         | 1 |  1.0
Conjurations   | 2 |  2.0
Fighting       | 1 |  1.1
Dodging        | |  2.5
Stealth        | |  2.4
Summonings     | |  1.1
Translocations | |  1.1

Action                     || total
---------------------------++-------
  Melee: Dagger            ||    19
         Mace              ||     6
   Cast: Magic Dart        ||   122
         Mephitic Cloud    ||     1
   Stab: Confused          ||     1
 Armour: Robe              ||    10
  Dodge: Dodged            ||    32

Table legend: (Time is in decaauts)
 A = Elapsed time spent in this place.
 B = Non-inter-level travel time spent in this place.
 C = Inter-level travel time spent in this place.
 D = Time resting spent in this place.
 E = Time spent auto-exploring this place.
 F = Levels seen in this place.
 G = Mean time per level.
                   A        B        C        D        E       F      G
               +--------+--------+--------+--------+--------+-----+--------+
         Total |   2767 |   2732 |     35 |      0 |   2453 |   4 |  691.8 |
       Dungeon |   2767 |   2732 |     35 |      0 |   2453 |   4 |  691.8 |
               +--------+--------+--------+--------+--------+-----+--------+

Top non-repeatable levels by time:
     D:2: 1257 daAuts
     D:1: 1152 daAuts
     D:3: 216 daAuts
     D:5: 140 daAuts
